 Dungeon Crawl Stone Soup version 0.17-a0-2074-gaf3f87d (webtiles) character file.

482666 Ordine the Conqueror (level 23, -26/240 HPs)
             Began as a Minotaur Berserker on Oct 15, 2015.
             Was the Champion of Trog.
             Annihilated by an acid blob (29 damage)
             ... on level 4 of the Pits of Slime.
             The game lasted 05:35:42 (61775 turns).

Ordine the Conqueror (Minotaur Berserker)          Turns: 61775, Time: 05:35:42

Health: -26/240    AC: 11    Str: 27      XL:     23   Next: 73%
Magic:  22/22      EV: 21    Int:  0 (1)  God:    Trog [******]
Gold:   1860       SH: 15    Dex: 21      Spells: 0 memorised, 22 levels left

rFire  + . .     SeeInvis .     D - +9 eveningstar (holy)
rCold  + . .     Clarity  .     j - +8 crystal plate armour
rNeg   . . .     SustAt   .     a - +0 shield {reflect}
rPois  +         Gourm    .     H - +0 hat
rElec  +         Spirit   .     d - +2 cloak {MR+}
rCorr  +         Warding  .     X - +1 pair of gloves {Dex+3}
rMut   +         Stasis   .     e - +0 pair of boots {Stlth+}
MR     +++..                    o - amulet of resist mutation
Stlth  ..........               q - ring of protection from magic
                                C - ring "Woyroda" {rElec rPois Str+3 Int-3 Slay+5}

@: resistant, corroded equipment, slowed, lost intelligence, studying Shields,
very slow, extremely resistant to hostile enchantments, extremely unstealthy
A: retaliatory headbutt, horns 2
a: Burn Spellbooks, Berserk, Trog's Hand, Brothers in Arms, Renounce Religion
}: 2/15 runes: decaying, serpentine


You were on level 4 of the Pits of Slime.
You worshipped Trog.
Trog was exalted by your worship.
You were hungry.

You visited 10 branches of the dungeon, and saw 51 of its levels.
You visited 1 bazaar.
You also visited: Trove, Sewer, Ossuary, Bailey and Volcano.

You collected 6126 gold pieces.
You spent 4266 gold pieces at shops.

Inventory:

Hand Weapons
 D - a +9 eveningstar of holy wrath (weapon)
 L - a +3 antimagic eveningstar
Armour
 a - a +0 shield of reflection (worn)
 d - a +2 cloak of magic resistance (worn)
 e - a +0 pair of boots of stealth (worn)
 j - a +8 crystal plate armour (worn)
 H - a +0 hat (worn)
 X - a +1 pair of gloves of dexterity (worn)
Jewellery
 b - an uncursed ring of invisibility
 k - an uncursed ring of sustain attributes
 m - the ring of the Peasants {rC+ rN+}
   (You bought it in a shop in a bazaar)

   [ring of protection from cold]

   It protects you from cold.
   It protects you from negative energy.
 o - an amulet of resist mutation (around neck)
 q - a ring of protection from magic (right hand)
 t - an uncursed amulet of warding
 w - an uncursed ring of flight
 y - an uncursed ring of see invisible
 A - an uncursed ring of protection from fire
 C - the ring "Woyroda" (left hand) {rElec rPois Str+3 Int-3 Slay+5}
   (You found it on level 3 of the Vaults)

   [ring of strength]

   It affects your strength (+3).
   It affects your intelligence (-3).
   It affects your accuracy and damage with ranged weapons and melee attacks
   (+5).
   It insulates you from electricity.
   It protects you from poison.
 E - an uncursed amulet of guardian spirit
Wands
 g - a wand of heal wounds (4)
 r - a wand of teleportation (9)
 v - a wand of digging (6)
Scrolls
 c - a scroll of identify
 l - 3 scrolls of blinking
 s - 21 scrolls of remove curse
 B - 6 scrolls of fear
 J - 3 scrolls of silence
Potions
 f - a potion of resistance
 h - 8 potions of might
 i - 17 potions of curing
 u - 4 potions of haste
 G - 2 potions of cancellation
 M - 5 potions of agility
Books
 I - a manual of Shields
Comestibles
 p - 2 slices of pizza


   Skills:
 O Level 27 Fighting
 - Level 16.0 Maces & Flails
 + Level 25.7 Armour
 - Level 20.0 Dodging
 - Level 15.0 Shields


You had 22 spell levels left.
You didn't know any spells.

Dungeon Overview and Level Annotations

Branches:
Dungeon (15/15)            Temple (1/1) D:4            Lair (8/8) D:10
  Swamp (4/4) Lair:5        Snake (4/4) Lair:4        Slime (4/6) Lair:8
    Orc (4/4) D:12            Elf (3/3) Orc:3        Vaults (4/5) D:13
  Crypt (0/3) Vaults:2     Depths (4/5) D:15

Altars:
Ashenzari
Cheibriados
Dithmenos
Elyvilon
Fedhas
Gozag
Kikubaaqudgha
Makhleb
Nemelex Xobeh
Okawaru
Qazlal
Ru
Sif Muna
Trog
Vehumet
Xom
Yredelemnul
Zin
The Shining One

Shops:
D:7 *   Orc:4 ?}*[   Elf:1 (   Elf:3 }   Snake:1 =   Snake:4 !   Vaults:1 !

Portals:
Hell: Depths:1 Depths:2 Depths:3
Abyss: Depths:1
Pandemonium: Orc:4 Depths:1 Depths:3
Ziggurat: Depths:3


Innate Abilities, Weirdness & Mutations

You reflexively headbutt those who attack you in melee.
You have a pair of horns on your head.


Message History

The splash of acid hits you!
* * * LOW HITPOINT WARNING * * *
The acid corrodes you!
The acid burns!
* * * LOW HITPOINT WARNING * * *
The acid blob spits acid at you. The splash of acid misses you.
Drink which item? (? for menu, Esc to quit)
You feel protected. The acid blob spits acid at you.
The splash of acid hits you! The acid corrodes you!
The acid burns!
You resist.
* * * LOW HITPOINT WARNING * * *
The acid blob hits you!!
* * * LOW HITPOINT WARNING * * *
You are splashed with acid!
The acid burns!
You resist.
* * * LOW HITPOINT WARNING * * *
Unknown command.
Read which item? (? for menu, Esc to quit)
You almost manage to decipher the scroll, but fail in this attempt.
You block the acid blob's attack. The acid blob hits you!!
You die...

##....#...#
##.#...#..##
##..........# #.
#...#.G....###..
##..........#...
#..........#....
##..............
###...J........
##...@........
##.......#.....
#..............
..#..#..........
...##.#....#.....
###...............>
..##.#.............
......#............
.................#.


You could see an acid blob and an eye of devastation.

Vanquished Creatures
  A juggernaut (Depths:3)
  Boris (Vaults:2)
  3 caustic shrikes
  2 golden dragons
  Nikola (Vaults:2)
  Jory (Depths:3)
  2 liches (Depths:3)
  4 tentacled monstrosities
  5 acid blobs
  3 deep elf blademasters
  A quicksilver dragon (Depths:3)
  2 titans
  A deep elf master archer (Elf:3)
  3 sphinxes
  A thorn hunter (Swamp:4)
  An octopode crusher (Depths:1)
  Gastronok (Lair:3)
  Kirke (D:14)
  7 greater nagas
  2 shadow dragons
  5 tengu reavers
  Roxanne (D:14)
  5 storm dragons
  7 frost giants
  4 azure jellies
  Wiglaf (Elf:2)
  Donald (Swamp:3)
  10 vault wardens
  Aizul (Elf:2)
  Louise (D:14)
  8 fire giants
  A deep elf sorcerer (Elf:3)
  18 ironheart preservers
  9 very ugly things
  21 stone giants
  3 spriggan defenders
  9 deep elf demonologists
  A dire elephant (D:15)
  7 deep elf annihilators
  Azrael (Elf:2)
  9 ettins
  A deep elf death mage (Elf:3)
  3 jiangshi
  11 fire dragons
  2 deep elf high priests
  Josephine (D:14)
  8 yaktaur captains
  5 vault guards
  Erolcha (D:11)
  9 great orbs of eyes
  9 ice dragons
  Fannar (Orc:2)
  2 ghost crabs
  The ghost of Starve the Spear-Bearer, a journeyman DrCj of Ashenzari (D:11)
  Harold (Lair:3)
  An anaconda (shapeshifter) (Vaults:4)
  24 hydras
  14 naga warriors
  3 rakshasas
  8 centaur warriors
  A catoblepas (Lair:8)
  21 ogre magi
  A death knight (Vaults:2)
  Erica (D:9)
  4 entropy weavers
  3 spriggan air magi (Depths:3)
  4 anacondas
  16 dancing weapons
  5 death yaks (Lair:8)
  6 deep troll shamans
  2 vampire magi
  5 tengu warriors
  An alligator (Swamp:4)
  4 spriggan berserkers
  5 orc high priests (Orc:4)
  Urug (D:15)
  14 naga sharpshooters
  A large abomination (Elf:1)
  A titan zombie (Depths:4)
  Sonja (D:12)
  6 deep troll earth magi
  8 shock serpents
  24 deep elf knights
  7 hell knights (Depths:3)
  4 salamander mystics
  A storm dragon skeleton (Vaults:4)
  27 deep trolls
  2 ice devils (Orc:4)
  9 skeletal warriors
  2 fire crabs
  A shadow wraith (Vaults:1)
  3 giant orange brains
  3 spriggan druids
  An unseen horror (shapeshifter) (D:14)
  4 shambling mangroves
  22 orc knights
  4 naga ritualists (Snake:4)
  14 hill giants
  12 deep elf summoners
  5 unseen horrors
  3 wizards
  4 flayed ghosts
  13 deep elf conjurers
  A wolf spider zombie (D:12)
  19 ironbrand convokers
  A putrid demonspawn (Orc:4)
  7 swamp dragons
  4 necromancers
  An iron dragon zombie (Depths:4)
  8 griffons
  5 hornets
  4 harpies
  2 shining eyes
  A frost giant zombie (Vaults:4)
  A shadow dragon skeleton (Vaults:4)
  3 wolf spiders
  50 ugly things
  A manticore (shapeshifter) (Vaults:4)
  5 mana vipers
  A manticore (D:15)
  10 salamanders
  A salamander (shapeshifter) (Vaults:1)
  A sixfirhy (D:13)
  7 elephants
  3 cyclopes
  2 hornets (shapeshifter)
  2 toenail golems (Volcano)
  11 vault sentinels
  2 guardian serpents
  7 orc sorcerers
  14 spiny frogs
  25 black mambas
  4 centaur zombies
  2 molten gargoyles (Volcano)
  An eye of devastation (Slime:3)
  A smoke demon (Volcano)
  4 fire drakes
  A spiny frog (shapeshifter) (Vaults:2)
  A torpor snail (Lair:7)
  An orange demon (Orc:4)
  30 naga magi
  A fire drake (shapeshifter) (Depths:4)
  A gargoyle (D:12)
  9 komodo dragons
  A kobold demonologist (Vaults:2)
  A storm dragon simulacrum (Depths:4)
  5 tengu conjurers
  33 yaktaurs
  3 demonic crawlers (D:13)
  An efreet (D:12)
  2 hellwings (Orc:4)
  A jumping spider (shapeshifter) (D:12)
  8 freezing wraiths
  7 trolls
  16 deep elf priests
  2 red devils (Volcano)
  A hydra zombie (Swamp:4)
  A polar bear (shapeshifter) (Vaults:3)
  A polar bear (Lair:8)
  A blue devil (Orc:4)
  A queen bee (Depths:3)
  7 giant leeches
  33 two-headed ogres
  2 merfolk (shapeshifter)
  Prince Ribbit (D:9)
  8 bog bodies
  A boulder beetle (shapeshifter) (Elf:3)
  4 boulder beetles
  A human simulacrum (Vaults:1)
  A trapdoor spider zombie (D:13)
  21 blink frogs
  11 spriggans
  A spriggan (shapeshifter) (Vaults:2)
  A tarantella (Depths:1)
  10 redbacks
  A tarantella (shapeshifter) (D:12)
  98 slime creatures
  40 yaks
  2 air elementals (Depths:3)
  2 trapdoor spiders (shapeshifter)
  9 water elementals
  5 hogs (D:14)
  23 deep elf magi
  39 deep elf fighters
  2 fire elementals (Elf:2)
  3 wyverns
  2 shadows
  3 hungry ghosts (D:12)
  6 wraiths
  A fire bat (Volcano)
  5 golden eyes (Slime:1)
  An elf zombie (Depths:4)
  4 wargs
  9 hippogriffs
  A golden eye (shapeshifter) (Vaults:4)
  17 vampire mosquitoes
  3 basilisks
  20 wolves
  5 mottled dragons
  A water moccasin (shapeshifter) (Vaults:1)
  14 swamp worms
  Menkaure (Ossuary)
  A human (shapeshifter) (Vaults:3)
  23 insubstantial wisps
  37 nagas
  A naga (shapeshifter) (D:15)
  3 hell hounds
  16 water moccasins
  5 porcupines
  53 orc warriors
  11 swamp drakes
  A wasp (shapeshifter) (Vaults:2)
  3 black bears
  2 ice beasts
  12 wasps
  4 eyes of draining
  3 sky beasts (D:8)
  An elephant zombie (Lair:3)
  2 necrophages
  7 boggarts (Depths:1)
  4 phantoms
  23 centaurs
  48 ogres
  2 komodo dragon zombies
  8 crocodiles
  23 giant frogs
  A wyvern skeleton (D:11)
  A wyvern zombie (D:11)
  A deep troll simulacrum (Vaults:3)
  7 scorpions
  4 elf simulacra
  A water moccasin skeleton (D:8)
  2 vampire bats (Lair:6)
  25 killer bees
  5 wights
  3 lava snakes (Volcano)
  A giant frog zombie (D:12)
  11 electric eels
  3 quasits
  5 crimson imps
  4 iron imps (D:13)
  17 jellies
  6 hounds
  31 orc wizards
  36 orc priests
  Ijyb (D:2)
  4 centaur skeletons
  6 iguanas
  A giant frog skeleton (D:11)
  12 worker ants
  12 sheep
  A crocodile zombie (Lair:3)
  2 mummies (Ossuary)
  A hound skeleton (D:12)
  A worker ant zombie (D:7)
  2 swamp drake zombies (Swamp:4)
  16 adders
  29 river rats
  11 shadow imps
  8 white imps
  An ufetubus (D:13)
  10 oozes
  3 adder skeletons
  2 adder zombies
  2 worms
  15 giant geckos
  193 orcs
  14 ball pythons
  11 bats
  27 giant cockroaches
  4 gnoll zombies (Ossuary)
  7 hobgoblins
  15 jackals
  9 kobolds
  8 quokkas
  A giant gecko skeleton (D:5)
  A giant gecko zombie (D:5)
  18 giant newts
  5 gnoll skeletons (Ossuary)
  13 goblins
  2 goblin skeletons (Ossuary)
  A goblin zombie (Ossuary)
  4 hobgoblin zombies (Ossuary)
  2 kobold skeletons (Ossuary)
  3 kobold zombies (Ossuary)
  3 orc skeletons (Ossuary)
  An orc zombie (Ossuary)
  2 quokka zombies
  9 rats
  3 rat skeletons (Ossuary)
  4 rat zombies (Ossuary)
  A fungus (Lair:8)
2264 creatures vanquished.

Vanquished Creatures (collateral kills)
  A deep elf master archer (Elf:3)
  A greater naga (Snake:4)
  A deep elf annihilator (Elf:3)
  3 deep elf death magi (Elf:3)
  A deep elf high priest (Elf:3)
  A naga warrior (Snake:3)
  A centaur warrior (Vaults:4)
  A naga sharpshooter (Snake:3)
  2 deep elf knights
  A small abomination (Elf:3)
  A salamander (Snake:3)
  4 naga magi
  4 yaks (Lair:7)
  5 nagas
  A swamp worm (Swamp:4)
  3 swamp drakes (Swamp:4)
  A centaur (Vaults:4)
  A giant frog (D:7)
  A crawling corpse (Elf:3)
34 creatures vanquished.

Vanquished Creatures (others)
  A fire giant (Depths:1)
  A centaur warrior (Vaults:1)
  A hornet (Swamp:4)
  An ugly thing (Vaults:2)
  A vault sentinel (Vaults:3)
  3 yaktaurs
  2 nagas (Snake:1)
  A swamp drake (Swamp:4)
  An ogre (Depths:4)
  3 centaurs
  2 wasps
  A mummy (Ossuary)
  An orc (D:15)
  A giant cockroach (D:13)
  2 gnoll zombies (Ossuary)
  A gnoll skeleton (Ossuary)
  2 goblin skeletons (Ossuary)
  3 hobgoblin zombies (Ossuary)
  2 kobold skeletons (Ossuary)
  2 kobold zombies (Ossuary)
  An orc skeleton (Ossuary)
  An orc zombie (Ossuary)
  4 rat skeletons (Ossuary)
  14 fungi
  10 plants
62 creatures vanquished.

Grand Total: 2360 creatures vanquished

Notes
Turn   | Place    | Note
--------------------------------------------------------------
     0 | D:1      | Ordine the Minotaur Berserker began the quest for the Orb.
     0 | D:1      | Reached XP level 1. HP: 19/19 MP: 0/0
   142 | D:1      | Reached skill level 4 in Maces & Flails
   347 | D:1      | Reached XP level 2. HP: 23/26 MP: 1/1
   958 | D:2      | Reached ** piety under Trog
   977 | D:2      | Reached skill level 5 in Maces & Flails
  1053 | D:2      | Reached XP level 3. HP: 31/31 MP: 2/2
  1259 | D:2      | Noticed Ijyb
  1269 | D:2      | Killed Ijyb
  1274 | D:2      | Reached XP level 4. HP: 23/39 MP: 3/3
  1453 | D:2      | Reached skill level 6 in Maces & Flails
  2034 | D:3      | Reached *** piety under Trog
  2081 | D:3      | Found a glowing drain.
  2109 | Sewer    | Entered a sewer
  2163 | Sewer    | Reached XP level 5. HP: 40/45 MP: 4/4
  2177 | Sewer    | Reached skill level 7 in Maces & Flails
  2459 | Sewer    | Reached **** piety under Trog
  2829 | Sewer    | Reached skill level 8 in Maces & Flails
  2993 | Sewer    | Noticed a giant frog
  2995 | Sewer    | Noticed a giant frog
  2998 | Sewer    | Killed a giant frog
  2998 | Sewer    | Reached ***** piety under Trog
  2998 | Sewer    | Reached XP level 6. HP: 46/51 MP: 5/5
  3007 | Sewer    | Killed a giant frog
  3248 | D:3      | Reached skill level 9 in Maces & Flails
  3419 | D:3      | Found a white marble altar of Elyvilon.
  3685 | D:4      | Found a sand-covered staircase.
  3705 | D:4      | Received a gift from Trog
  3705 | D:4      | Reached XP level 7. HP: 44/57 MP: 6/6
  3817 | Ossuary  | Entered an ossuary
  4064 | Ossuary  | Noticed Menkaure
  4071 | Ossuary  | Killed Menkaure
  4071 | Ossuary  | Reached skill level 10 in Maces & Flails
  4431 | D:4      | Found a staircase to the Ecumenical Temple.
  4452 | Temple   | Entered the Ecumenical Temple
  5206 | D:5      | Entered Level 5 of the Dungeon
  5366 | D:5      | Reached skill level 11 in Maces & Flails
  5550 | D:5      | Reached XP level 8. HP: 50/64 MP: 7/7
  5726 | D:5      | Reached skill level 12 in Maces & Flails
  6055 | D:5      | Found a shattered altar of Ashenzari.
  6058 | D:5      | Found a shadowy altar of Dithmenos.
  6060 | D:5      | Found a stormy altar of Qazlal.
  6212 | D:6      | Found a basalt altar of Yredelemnul.
  6549 | D:6      | Got a smoking long sword
  6550 | D:6      | Identified the +6 long sword of Equivalence {drain, rN+ Str+3} (You found it on level 6 of the Dungeon)
  7091 | D:7      | Found Gozag's Platinum Reserve.
  7113 | D:6      | Reached skill level 13 in Maces & Flails
  7349 | D:7      | Found an opulent altar of Gozag.
  7492 | D:7      | Reached skill level 5 in Fighting
  7492 | D:7      | Reached XP level 9. HP: 63/74 MP: 8/8
  7570 | D:7      | Found an iron altar of Okawaru.
  7606 | D:7      | Found a snail-covered altar of Cheibriados.
  7676 | D:7      | Got a topaz-encrusted chain mail
  7728 | D:7      | Identified the +6 chain mail of the Abyss {rElec rPois Stlth-} (You found it on level 7 of the Dungeon)
  8086 | D:8      | Reached skill level 14 in Maces & Flails
  8230 | D:8      | Received a gift from Trog
  8250 | D:8      | Noticed a tengu warrior
  8290 | D:8      | Killed a tengu warrior
  8290 | D:8      | Reached skill level 10 in Fighting
  8290 | D:8      | Reached XP level 10. HP: 56/94 MP: 9/9
  8359 | D:8      | Reached skill level 1 in Shields
  8603 | D:8      | Found an ancient bone altar of Kikubaaqudgha.
  8616 | D:8      | Found a deep blue altar of Sif Muna.
  8616 | D:8      | Found a radiant altar of Vehumet.
  8956 | D:9      | Found a shadowy altar of Dithmenos.
  8971 | D:9      | Noticed Prince Ribbit
  8983 | D:9      | Killed Prince Ribbit
  8983 | D:9      | Reached skill level 5 in Shields
  8987 | D:9      | Found a basalt altar of Yredelemnul.
  9218 | D:9      | Noticed Erica
  9227 | D:9      | Killed Erica
  9672 | D:8      | Got a smoking scale mail
  9683 | D:8      | Identified the +3 scale mail of the Peculiar Stars {rC- Str+9 Int+6} (You found it on level 8 of the Dungeon)
  9728 | D:10     | Entered Level 10 of the Dungeon
  9768 | D:10     | Reached skill level 5 in Armour
  9817 | D:10     | Found a flagged portal.
  9845 | D:10     | Killed an unseen horror
  9845 | D:10     | Reached skill level 5 in Dodging
  9850 | Bailey   | Entered a bailey
  9850 | Bailey   | Noticed an orc knight
  9851 | Bailey   | Noticed an orc knight
  9851 | Bailey   | Noticed an orc knight
 10032 | Bailey   | Killed an orc knight
 10313 | Bailey   | Killed an orc knight
 10313 | Bailey   | Reached XP level 11. HP: 101/101 MP: 10/10
 10320 | Bailey   | Killed an orc knight
 10584 | Bailey   | Noticed an orc knight
 10593 | Bailey   | Killed an orc knight
 10673 | Bailey   | Drew Focus: Str increased to 23, Int decreased to 3
 10736 | Bailey   | Got an ichor-stained buckler
 10747 | Bailey   | Identified the +1 buckler of Lula {rElec Dex+2} (You found it in a bailey)
 11085 | D:10     | Killed an unseen horror
 11349 | D:10     | Received a gift from Trog
 11539 | D:10     | Found a staircase to the Lair.
 11715 | Lair:1   | Entered Level 1 of the Lair of Beasts
 11832 | Lair:1   | Reached ****** piety under Trog
 12089 | Lair:1   | Reached skill level 15 in Maces & Flails
 12309 | Lair:1   | You fall through a shaft!
 12412 | Lair:1   | Found a shimmering altar of Xom.
 13996 | Lair:3   | Noticed Gastronok
 14016 | Lair:3   | Killed Gastronok
 14016 | Lair:3   | Reached skill level 16 in Maces & Flails
 14016 | Lair:3   | Reached XP level 12. HP: 71/110 MP: 11/11
 14335 | Lair:3   | Noticed a six-headed hydra
 14342 | Lair:3   | Killed a six-headed hydra
 14371 | Lair:3   | Noticed Harold
 14386 | Lair:3   | Killed Harold
 14573 | Lair:3   | Noticed a necromancer
 14575 | Lair:3   | Killed a necromancer
 15014 | Lair:4   | Received a gift from Trog
 15027 | Lair:4   | Reached skill level 10 in Armour
 15254 | Lair:4   | Found a staircase to the Snake Pit.
 15653 | Lair:2   | Reached skill level 10 in Dodging
 15833 | Lair:5   | Found a dark tunnel.
 15845 | Volcano  | Entered a volcano
 16195 | Volcano  | Found a bloodstained altar of Trog.
 16593 | Lair:5   | Found a staircase to the Swamp.
 16597 | Lair:5   | Reached XP level 13. HP: 89/116 MP: 12/12
 16851 | Lair:6   | Reached skill level 10 in Shields
 17239 | Lair:6   | Received a gift from Trog
 18542 | Lair:8   | Entered Level 8 of the Lair of Beasts
 18642 | Lair:8   | Received a gift from Trog
 19189 | Lair:8   | Found a staircase to the Slime Pits.
 19313 | Lair:8   | Reached skill level 15 in Shields
 19370 | Lair:8   | Reached XP level 14. HP: 125/125 MP: 13/13
 20373 | D:11     | Noticed Starve's ghost (journeyman DrCj)
 20383 | D:11     | Killed Starve's ghost
 20473 | D:11     | Noticed Erolcha
 20480 | D:11     | Killed Erolcha
 20482 | D:11     | Received a gift from Trog
 20495 | D:11     | Got a fine demon whip {god gift}
 20496 | D:11     | Identified the +1 demon whip of Killer Klown's Foe {elec, rElec rN+} (Trog gifted it to you on level 11 of the Dungeon)
 21141 | D:12     | Found a staircase to the Orcish Mines.
 21343 | D:12     | Reached skill level 15 in Fighting
 21412 | D:12     | Gained mutation: Your system is resistant to poisons. [potion of beneficial mutation]
 22326 | D:12     | Noticed Sonja
 22330 | D:12     | Killed Sonja
 22537 | D:12     | Received a gift from Trog
 22735 | Lair:2   | Gained mutation: You have a pair of large horns on your head. [potion of beneficial mutation]
 22736 | Lair:2   | Gained mutation: Your spells are a little harder to cast, but a little more powerful. [potion of beneficial mutation]
 22902 | Orc:1    | Entered Level 1 of the Orcish Mines
 23732 | Orc:3    | Received a gift from Trog
 23913 | Orc:3    | Found a staircase to the Elven Halls.
 24107 | Orc:2    | Noticed Fannar
 24123 | Orc:2    | Killed Fannar
 24202 | Orc:4    | Entered Level 4 of the Orcish Mines
 24824 | Orc:4    | Received a gift from Trog
 24872 | Orc:4    | Reached XP level 15. HP: 141/146 MP: 14/14
 24946 | Orc:4    | Found Qupyor's General Store.
 24964 | Orc:4    | Reached skill level 17 in Fighting
 25015 | Orc:4    | Found Zetaorot's Magic Scroll Shoppe.
 25395 | Orc:4    | Reached skill level 18 in Fighting
 25398 | Orc:4    | Found Ususyed's Gadget Boutique.
 25398 | Orc:4    | Found Mazxof's Antique Armour Shop.
 25405 | Orc:4    | Received a gift from Trog
 25406 | Orc:4    | Found a one-way gate leading to the halls of Pandemonium.
 25416 | Orc:4    | Bought a pair of glowing boots for 184 gold pieces
 25416 | Orc:4    | Bought a distressingly furry ring mail for 369 gold pieces
 25437 | Orc:4    | Identified the +5 ring mail "Sibyih" {+Inv rElec MP+9 Str-5 Stlth+} (You bought it in a shop on level 4 of the Orcish Mines)
 25486 | Orc:4    | Bought a scroll of enchant armour for 75 gold pieces
 25489 | Orc:4    | Bought a scroll of identify for 26 gold pieces
 25489 | Orc:4    | Bought a scroll of silence for 97 gold pieces
 25489 | Orc:4    | Bought a scroll of identify for 26 gold pieces
 26530 | D:13     | Reached skill level 19 in Fighting
 26739 | D:13     | Found a gate to the Vaults.
 26765 | D:13     | Found a portal to a secret trove of treasure.
 27273 | D:13     | Received a gift from Trog
 27446 | D:14     | Got a heavily runed scale mail
 27457 | D:14     | Identified the cursed +0 scale mail "Veif Qoc" {rElec rF+ Str-4 Dex+3} (You found it on level 14 of the Dungeon)
 27502 | D:14     | Noticed Kirke
 27532 | D:14     | Killed Kirke
 27572 | D:14     | Noticed Roxanne
 27592 | D:14     | Killed Roxanne
 27596 | D:14     | Identified Roxanne's Guide on Mutagenic Stones (You took it off Roxanne on level 14 of the Dungeon)
 27860 | D:14     | Noticed Josephine
 27861 | D:14     | Noticed Louise
 27879 | D:14     | Killed Josephine
 27879 | D:14     | Reached skill level 20 in Fighting
 27895 | D:14     | Killed Louise
 28198 | D:15     | Entered Level 15 of the Dungeon
 28596 | D:15     | Received a gift from Trog
 28841 | D:15     | Identified a scroll of acquirement
 28841 | D:15     | Reached XP level 16. HP: 162/162 MP: 15/15
 28888 | D:15     | Found an iron altar of Okawaru.
 28928 | D:15     | Noticed Urug
 28936 | D:15     | Killed Urug
 29047 | D:15     | Found a staircase to the Depths.
 29675 | Orc:4    | Bought a scroll of teleportation for 30 gold pieces
 29675 | Orc:4    | Bought a potion of resistance for 100 gold pieces
 29706 | Elf:1    | Entered Level 1 of the Elven Halls
 29706 | Elf:1    | Found Wohymurph's Weapon Shoppe.
 29889 | Elf:1    | Got a slimy chain mail
 29890 | Elf:1    | Identified the cursed +1 chain mail "Biqal" {rN+ Dex+3 Stlth-} (You found it on level 1 of the Elven Halls)
 29980 | Elf:1    | Got an ancient golden ring
 29982 | Elf:1    | Identified the ring of Veguat {Wiz +Blink Str-2 SInv} (You found it on level 1 of the Elven Halls)
 30691 | Elf:1    | Received a gift from Trog
 31273 | Elf:2    | Noticed Aizul
 31288 | Elf:2    | Killed Aizul
 31343 | Elf:2    | Found a huge runed gate.
 31343 | Elf:2    | Found a huge runed gate.
 31343 | Elf:2    | Found a huge runed gate.
 31343 | Elf:2    | Found a huge runed gate.
 31343 | Elf:2    | Found a huge runed gate.
 31441 | Elf:2    | Noticed Wiglaf
 31451 | Elf:2    | Killed Wiglaf
 31665 | Elf:2    | Noticed Azrael
 31681 | Elf:2    | Killed Azrael
 31687 | Elf:2    | Noticed a deep elf blademaster
 31695 | Elf:2    | Killed a deep elf blademaster
 32277 | Swamp:1  | Entered Level 1 of the Swamp
 33246 | Swamp:2  | Reached XP level 17. HP: 137/170 MP: 16/16
 34132 | Swamp:3  | Reached skill level 15 in Armour
 34239 | Swamp:3  | Noticed Donald
 34255 | Swamp:3  | Killed Donald
 34662 | Swamp:4  | Entered Level 4 of the Swamp
 34976 | Swamp:4  | Received a gift from Trog
 35245 | Swamp:4  | Reached skill level 15 in Dodging
 35498 | Swamp:4  | Got a decaying rune of Zot
 35929 | Snake:1  | Entered Level 1 of the Snake Pit
 35968 | Snake:1  | Found a flickering gateway to a bazaar.
 35980 | Bazaar   | Entered a bazaar
 35994 | Bazaar   | Found Saemeiv's Weapon Boutique.
 36012 | Bazaar   | Found Soapo's Antique Weapon Emporium.
 36029 | Bazaar   | Found Toycor's Jewellery Boutique.
 36034 | Bazaar   | Bought the ring of the Peasants {rC+ rN+} for 543 gold pieces
 36046 | Bazaar   | Found Hootapyrch's Gadget Shoppe.
 36096 | Snake:1  | Found Noxiraw's Jewellery Shop.
 36103 | Snake:1  | Bought an uncursed ring of protection from magic for 400 gold pieces
 36103 | Snake:1  | Bought an uncursed amulet of faith for 640 gold pieces
 36103 | Snake:1  | Bought a +3 ring of slaying for 720 gold pieces
 37426 | Snake:3  | Received a gift from Trog
 37521 | Snake:3  | Reached XP level 18. HP: 154/178 MP: 14/17
 38481 | Snake:4  | Entered Level 4 of the Snake Pit
 38886 | Snake:4  | Received a gift from Trog
 39764 | Snake:4  | Received a gift from Trog
 39892 | Snake:4  | Got a serpentine rune of Zot
 40040 | Snake:4  | Found Vuevuesh's Distillery.
 40048 | Snake:4  | Bought a potion of curing for 57 gold pieces
 40048 | Snake:4  | Bought a potion of agility for 76 gold pieces
 40048 | Snake:4  | Bought a potion of curing for 57 gold pieces
 40048 | Snake:4  | Bought 2 potions of heal wounds for 190 gold pieces
 40048 | Snake:4  | Bought a potion of might for 76 gold pieces
 40814 | Depths:1 | Entered Level 1 of the Depths
 40889 | Depths:1 | Found a one-way gate to the infinite horrors of the Abyss.
 41306 | Vaults:1 | Entered Level 1 of the Vaults
 41492 | Vaults:1 | Received a gift from Trog
 41501 | Vaults:1 | Reached XP level 19. HP: 185/185 MP: 16/18
 42438 | Vaults:1 | Received a gift from Trog
 42476 | Vaults:1 | Found Qunat's Distillery.
 43227 | Vaults:2 | Noticed Boris
 43234 | Vaults:2 | Killed Boris
 43363 | Vaults:2 | Received a gift from Trog
 43595 | Vaults:2 | Noticed Nikola
 43618 | Vaults:2 | Killed Nikola
 44221 | Vaults:2 | Reached XP level 20. HP: 195/195 MP: 19/19
 44223 | Vaults:2 | Received a gift from Trog
 44281 | Vaults:2 | Reached skill level 21 in Fighting
 44665 | Vaults:2 | Found a staircase to the Crypt.
 44801 | Vaults:3 | Reached skill level 22 in Fighting
 44806 | Vaults:3 | Received a gift from Trog
 45913 | Vaults:3 | Lost mutation: Your spells are a little harder to cast, but a little more powerful. [potion of cure mutation]
 45913 | Vaults:3 | Lost mutation: Your system is resistant to poisons. [potion of cure mutation]
 45913 | Vaults:3 | Lost mutation: You have a pair of large horns on your head. [potion of cure mutation]
 46086 | Vaults:3 | Reached skill level 23 in Fighting
 46095 | Vaults:3 | Received a gift from Trog
 46441 | Vaults:3 | Got a crude glass ring
 46442 | Vaults:3 | Identified the ring "Woyroda" {rElec rPois Str+3 Int-3 Slay+5} (You found it on level 3 of the Vaults)
 47133 | Vaults:4 | Reached XP level 21. HP: 187/213 MP: 16/20
 47157 | Vaults:4 | Reached skill level 24 in Fighting
 47583 | Vaults:4 | Received a gift from Trog
 48674 | Slime:1  | Entered Level 1 of the Pits of Slime
 49511 | Depths:1 | Received a gift from Trog
 49642 | Depths:1 | Reached skill level 25 in Fighting
 49979 | Depths:1 | Found a gateway to Hell.
 49989 | Depths:1 | Got a smoking ring mail
 50003 | Depths:1 | Identified the +0 ring mail of the Thirteen Eyes {rPois rF- Int+2 Dex+2} (You found it on level 1 of the Depths)
 50909 | Depths:2 | Received a gift from Trog
 51103 | Depths:2 | Noticed a caustic shrike
 51114 | Depths:2 | Killed a caustic shrike
 51223 | Depths:2 | Reached skill level 26 in Fighting
 52147 | Depths:3 | Received a gift from Trog
 52682 | Depths:3 | Noticed Jory
 52713 | Depths:3 | Killed Jory
 52713 | Depths:3 | Reached XP level 22. HP: 196/231 MP: 17/21
 52962 | Depths:3 | Reached skill level 27 in Fighting
 52986 | Depths:3 | Received a gift from Trog
 52993 | Depths:3 | Got a bloodstained great mace {god gift}
 53227 | Depths:3 | Lost intelligence.
 53227 | Depths:3 | Identified the +7 great mace of Utrar {speed, +Blink Str+2 Int-4 Dex+2} (Trog gifted it to you on level 3 of the Depths)
 53402 | Depths:3 | Found a runed door.
 53754 | Depths:3 | Noticed a juggernaut
 53775 | Depths:3 | Killed a juggernaut
 53865 | Depths:3 | Found a gateway to a ziggurat.
 53866 | Depths:3 | Noticed a caustic shrike
 53876 | Depths:3 | Killed a caustic shrike
 53988 | Depths:3 | Got a dull robe
 53989 | Depths:3 | Identified the +2 robe of Cockyugg {+Blink SInv} (You found it on level 3 of the Depths)
 54051 | Depths:3 | Got a jewelled scale mail
 54052 | Depths:3 | Identified the +3 scale mail of Weightlessness {*Drain rC++ Str+3 Dex+2} (You found it on level 3 of the Depths)
 54093 | Depths:3 | Noticed a caustic shrike
 54095 | Depths:3 | Killed a caustic shrike
 54160 | Depths:3 | Received a gift from Trog
 55317 | D:13     | You paid a toll of 17 scrolls of teleportation to enter a treasure trove
 55318 | Trove    | Entered a treasure trove
 55874 | Elf:3    | Entered Level 3 of the Elven Halls
 55952 | Elf:3    | Received a gift from Trog
 55995 | Elf:3    | Found Voritzof's Gadget Emporium.
 56009 | Elf:3    | Bought a wand of heal wounds (6) for 600 gold pieces
 56512 | Elf:3    | Received a gift from Trog
 56542 | Elf:3    | Reached XP level 23. HP: 216/240 MP: 6/22
 57106 | Elf:3    | Got a shimmering dagger
 57107 | Elf:3    | Identified the +5 dagger "Grim Tooth" {pierce, rF+} (You found it on level 3 of the Elven Halls)
 57434 | Orc:1    | Received a gift from Trog
 59180 | Slime:1  | Received a gift from Trog
 61710 | Slime:4  | Lost intelligence.
 61774 | Slime:4  | HP: 5/240 [acid blob (31)]
 61774 | Slime:4  | HP: 2/240 [acid (3)]
 61775 | Slime:4  | Annihilated by an acid blob

Vault maps used:
D:1:      denvon_arrival_planthouse
D:2:      kennysheep_the_goblin_king, minmay_misc_feat_columns
D:3:      lemuel_round_altar, gup_sewer_entry_pipe
D:4:      minmay_temple_entry_junction, nicolae_ossuary_entry_false_entrances
D:5:      nicolae_overflow_hidden_temple, first_bread, minmay_holes,
          minmay_crystal_water
D:6:      yredelemnul_altar_generic
D:7:      nicolae_gozag_zags_fifth_avenue, lemuel_doored_altar,
          overflow_temple_1_default
D:8:      minmay_ornate_pinched, grunt_temple_overflow_magic_moments,
          grunt_pizzeria, basic_loot_grate_trap
D:9:      basic_altar, nicolae_dithmenos_through_a_glass_darkly,
          uniq_prince_ribbit1, uniq_erica
D:10:     lair_0_dummy, enter_bailey_2
D:11:     st_stairs_6, uniq_erolcha
D:12:     minmay_spiral_squares, solitary_fountain, uniq_sonja
D:13:     kennysheep_tiny_hell, erik_vaults_1, nicolae_trove_entry_free_sample
D:14:     uniq_kirke, uniq_louise, uniq_josephine, uniq_roxanne
D:15:     hangedman_depths_entry_try_elsewhere_first,
          hangedman_abyss_or_decor_stabs, okawaru_ov_weapons_minmay, uniq_urug
Temple:   jpeg_temple_alley_garden_8
Lair:1:   serial_bayou, serial_bayou_pond_b, serial_bayou_ford_a,
          serial_bayou_lagoon_b, serial_bayou_pond_e, basic_altar
Lair:2:   serial_bayou_lake_a
Lair:3:   pond_and_an_island_with_a_cottage, serial_bayou_shore_b,
          uniq_gastronok, uniq_harold
Lair:4:   dummy_snake_entry
Lair:5:   minmay_swamp_entry_eels, nicolae_volcano_entry_hallway
Lair:6:   roderic_batcave, bobbens_ice_dragon_lair
Lair:7:   serial_bayou_shore_b
Lair:8:   grunt_lair_end_beastmaster, slime_dummy, lemuel_fruit_fields
Swamp:1:  evilmike_swamp_ruin_house_1, swamp_pool1, infiniplex_staircase_pool
Swamp:2:  nicolae_swamp_rocky_clearing
Swamp:3:  evilmike_swamp_ruin_house_2, swamp_pool3, uniq_donald
Swamp:4:  swamp, nicolae_swamp_necromancer_hut
Snake:1:  serial_shops, freezing_bzr, shop
Snake:4:  snake_pit, serial_shops, shop, nicolae_coiled_stairwell_up
Slime:1:  nicolae_slime_pool, nicolae_slime_barrier,
          cheibrodos_slime_lost_civilization_6
Orc:2:    uniq_fannar
Orc:3:    nicolae_orc_pool_cavern
Orc:4:    pf_orc_diabolical
Elf:1:    serial_shops, shop_statue, kennysheep_underground_church
Elf:2:    uniq_wiglaf, uniq_azrael, uniq_aizul
Elf:3:    elf_hall_gauntlet_wide, serial_shops, shop
Vaults:1: v_rooms_6, hangedman_vaults_hat, nicolae_vaults_what_the_h,
          vaults_dpeg_diagonal, serial_ice_m, ontoclasm_vaults_fault,
          v_alt_pattern_5, vaults_mumra_minichess, vaults_room_hallway,
          v_misc_22, vaults_room_pools, vaults_room_fours, serial_shops, shop
Vaults:2: serial_ice_m, nicolae_vaults_twisting_passages,
          nicolae_vaults_circle_grid_b, minmay_crypt_entry_simple_round,
          vaults_mumra_chevron, dpeg_vaults_pockets_of_resistance,
          vaults_mumra_hex, ontoclasm_vaults_twist, grunt_vaults_funnel,
          v_pattern_4, vaults_room_stairs_pillars, vaults_room_stairs_pillars,
          nicolae_vaults_mini_display_case, hangedman_vaults_slice, uniq_boris,
          uniq_nikola
Vaults:3: nicolae_vaults_little_squares_6, dpeg_vaults_monster_box,
          hangedman_vaults_restitches, vaults_mumra_lcd, v_misc_5, v_rooms_1,
          grunt_vaults_hallway_long, nicolae_vaults_big_ls,
          hangedman_vaults_variations, grunt_vaults_hallway_short,
          vaults_room_glass_cross, vaults_room_semicircle, v_misc_16, v_misc_22,
          vaults_dpeg_encased_lava
Vaults:4: ontoclasm_vaults_bender, ontoclasm_vaults_ligature,
          grunt_vaults_trifunnel, vaults_room_semicircle,
          nicolae_vaults_minivaults, v_misc_9, hangedman_vaults_trim, v_misc_14,
          v_misc_9, v_misc_29, v_misc_26, grunt_vaults_bifocal,
          grunt_vaults_diagonal, vaults_room_semicircle,
          nicolae_vaults_angled_halls, vaults_room_stairs_pillars
Depths:1: abyss_entry, kennysheep_minor_cross, pan_entry, hell_entry,
          serial_bayou_pond_c, minmay_misc_feat_nine_boxes,
          lightli_corner_chamber
Depths:2: minmay_containers, hell_entry, minmay_misc_feat_more_columns,
          hangedman_decor_peaks_small, infiniplex_staircase_pool_2
Depths:3: box_level_dp, hell_entry, pan_entry, uniq_jory
Depths:4: hangedman_box_tower, mu_enter_wizlab_7, abyss_entry_small_statue_room,
          pf_coc_iceberg, minmay_misc_feat_hallway
Bazaar:   bazaar_jpeg_circle_common
Trove:    trove_simple
Sewer:    sewer_frog_island_02
Ossuary:  ossuary_due_pyramid
Bailey:   bailey_polearm_4, bailey
Volcano:  volcano_lake

Action                   |  1- 3 |  4- 6 |  7- 9 | 10-12 | 13-15 | 16-18 | 19-21 | 22-24 || total
-------------------------+-------+-------+-------+-------+-------+-------+-------+-------++-------
Melee: Mace              |    76 |    25 |       |       |       |       |       |       ||   101
       Flail             |       |   294 |   419 |   219 |       |       |       |       ||   932
       Eveningstar       |       |       |       |   360 |  1428 |  1391 |  1559 |   987 ||  5725
Throw: Javelin           |       |       |       |     5 |     4 |       |       |       ||     9
Invok: Burn Spellbooks   |       |     1 |     2 |     5 |     3 |     4 |     4 |     7 ||    26
       Berserk           |       |       |     2 |     5 |    10 |     8 |     1 |     4 ||    30
       Trog's Hand       |       |       |     2 |     3 |    12 |    20 |    10 |    11 ||    58
       Brothers in Arms  |       |       |       |       |     1 |     8 |     1 |     5 ||    15
 Abil: Evoke Flight      |       |       |       |     4 |       |       |     1 |     1 ||     6
Evoke: Wand              |       |       |       |     1 |     1 |     2 |     7 |     2 ||    13
       Deck              |       |       |       |     2 |       |       |       |       ||     2
  Use: Scroll            |     1 |     8 |     7 |    15 |    19 |    21 |     6 |    15 ||    92
       Potion            |       |       |       |     2 |     3 |     9 |     8 |     8 ||    30
 Stab: Petrifying        |       |       |       |       |     1 |       |       |       ||     1
       Confused          |       |       |       |       |       |     3 |       |       ||     3
  Eat: Chunk             |     1 |     9 |    14 |    26 |    47 |    23 |    26 |    17 ||   163
       Royal jelly       |       |       |     1 |       |     1 |       |       |     1 ||     3
       Beef jerky        |       |       |       |     2 |       |     1 |       |       ||     3
       Bread ration      |       |       |       |     1 |     1 |     4 |     3 |       ||     9
       Pizza             |       |       |       |       |     2 |     1 |     1 |     9 ||    13
       Fruit             |       |       |       |       |       |     7 |     1 |       ||     8
       Meat ration       |       |       |       |       |       |       |       |     1 ||     1
